 Dungeon Crawl Stone Soup version 0.31-a0-1099-g7fa767f3fe (webtiles) character file.

Game seed: 8226514692109773384

203 blanketernal the Twirler (level 5, -4/47 HPs)
             Began as a Minotaur Gladiator on Dec 1, 2023.
             Slain by Grinder (5 damage)
             ... on level 3 of the Dungeon.
             The game lasted 00:13:59 (2128 turns).

blanketernal the Twirler (Minotaur Gladiator)       Turns: 2128, Time: 00:14:00

Health: -4/47      AC:  3    Str: 19    XL:     5   Next: 51%
Magic:  4/4        EV: 13    Int:  5    God:
Gold:   247        SH:  0    Dex: 13    Spells: 4/4 levels left

rFire   . . .        a - +0 quarterstaff
rCold   . . .        (shield currently unavailable)
rNeg    . . .        b - +0 leather armour
rPois   .            c - +0 hat
rElec   .            (no cloak)
rCorr   .            (no gloves)
SInv    .            (no boots)
Will    .....        (no amulet)
Stlth   +            (no ring)
HPRegen 0.27/turn    (no ring)
MPRegen 0.09/turn

%: no passive effects
@: very slow
A: horns 2, retaliatory headbutt
a: no special abilities


You were on level 3 of the Dungeon.
You visited 1 branch of the dungeon, and saw 3 of its levels.
You also visited: Sewer.

You collected 247 gold pieces.

Inventory:

Hand Weapons
 a - a +0 quarterstaff (weapon)
Missiles
 d - 3 throwing nets (quivered)
 e - a javelin
Armour
 b - a +0 leather armour (worn)
 c - a +0 hat (worn)
Wands
 m - a wand of paralysis (3)
Scrolls
 f - a scroll of teleportation {unknown}
 g - a scroll of fog {unknown}
 h - a scroll of brand weapon {unknown}
 j - a scroll of revelation
 n - a scroll of immolation {unknown}
Potions
 i - 2 potions of heal wounds {unknown}
 k - 2 potions of attraction {unknown}
 l - 2 potions of might {unknown}
 o - a potion of lignification {unknown}
 p - 2 potions of haste
 q - a potion of mutation {unknown}


   Skills:
 + Level 4.5 Fighting
 + Level 5.2 Staves
 - Level 2.0 Throwing
 + Level 4.8 Dodging


You had 4 spell levels left.
You didn't know any spells.
Your spell library contained the following spells:

 Spells                   Type           Power      Damage    Failure   Level
 Tukima's Dance           Hex            0%         N/A       88%         3
 Passage of Golubria      Tloc           0%         N/A       99%         4
 Yara's Violent Unravell  Hex/Tmut       0%         3d3       100%        5


Dungeon Overview and Level Annotations

Branches:
Dungeon (3/15)              Sewer (visited)

Altars:
Ashenzari

Annotations:
D:2 Natasha, Sigmund
D:3 Grinder


Innate Abilities, Weirdness & Mutations

You have a pair of horns on your head.
You reflexively headbutt those who attack you in melee.


Message History

You barely miss Terence.
Terence is lightly wounded.
Terence hits you with a +0 short sword.
You sock Terence!
Terence is moderately wounded.
Terence hits you with a +0 short sword.
You thump Terence!
Terence is almost dead.
Grinder says, "Just stop there for a second..."
Terence closely misses you.
You hit Terence but do no damage.
Terence is almost dead.
Terence closely misses you. Grinder hits you.
You hit Terence but do no damage.
Terence is almost dead.
Terence closely misses you.
Grinder says, "Just stop there for a second..."
Grinder gestures at you. You resist with significant effort.
You hit Terence.
Terence is almost dead.
Terence hits you with a +0 short sword.
Grinder splashes around in the water.
Your unstable footing causes you to fumble your attack.
Terence hits you with a +0 short sword.
Grinder splashes around in the water.
Your unstable footing causes you to fumble your attack.
Terence closely misses you. Grinder hits you.
You writhe in agony.
* * * LOW HITPOINT WARNING * * *
You hit Terence.
You kill Terence!
You hear a splash. x2
Grinder gestures at you. Pain shoots through your body!
* * * LOW HITPOINT WARNING * * *
You thump Grinder!
Grinder is almost dead.
Grinder hits you!
* * * LOW HITPOINT WARNING * * *
You writhe in agony.
You die...
Grinder sighs, "Dead already?
I want a refund."

....###.#...##....#........
... ...#~~~#..#####.......
. #...#~~~#..# #.......
.....#~~~##.# .+..._...
..#####~~~##.#...........
.## #~.~##.#####.......
#~~~##....#........
#5)~#.....#⌠.##+#..
#~@÷#####.####...#. #~~~#
#....#..... #...##
###..#...#. #..#.##
##..####.
#.#.#.######.......
#..###.............
###.#)########.#### ##.##
#.# #.# #.#


You could see Grinder.

Vanquished Creatures
  A water moccasin (Sewer)
  Terence (D:3)
  2 worms
  2 dart slugs (D:1)
  8 bats
  5 endoplasms
  4 giant cockroaches
  4 goblins
  4 hobgoblins
  3 jackals (D:1)
  4 quokkas
  8 ball pythons
  2 frilled lizards (D:1)
  3 kobolds
  6 rats
57 creatures vanquished.

Notes
Turn   | Place    | Note
-------+----------+-------------------------------------------
     0 | D:1      | blanketernal the Minotaur Gladiator began the quest for the
                  | Orb.
     0 | D:1      | Reached XP level 1. HP: 18/18 MP: 0/0
   350 | D:1      | Reached XP level 2. HP: 20/25 MP: 1/1
   550 | D:1      | Reached skill level 4 in Staves
   651 | D:1      | Found a faded altar of an unknown god.
   775 | D:1      | Reached XP level 3. HP: 31/31 MP: 2/2
  1348 | D:2      | Noticed Sigmund
  1351 | D:2      | Noticed Natasha
  1543 | D:3      | Found a broken altar of Ashenzari.
  1811 | D:3      | Found a glowing drain.
  1852 | D:3      | Noticed Grinder
  1860 | D:3      | Noticed Terence
  1862 | Sewer    | Entered a sewer
  1867 | Sewer    | Reached XP level 4. HP: 36/39 MP: 3/3
  1900 | Sewer    | Noticed a water moccasin
  1905 | Sewer    | Killed a water moccasin
  1906 | Sewer    | Reached skill level 5 in Staves
  1906 | Sewer    | Reached XP level 5. HP: 21/47 MP: 4/4
  2127 | D:3      | Killed Terence
  2128 | D:3      | HP: 1/47 [Grinder (8)]
  2128 | D:3      | Slain by Grinder

Illustrated notes

Levels and vault maps discovered:
D:1:      matt_arrival_grand_opening, layout_basic,
          dreamdust_ecumenical_altar_angels_and_demons, minmay_splitting_lines,
          minmay_liquid_box
D:2:      layout_rooms, amcnicky_mini_pool_small, uniq_sigmund, uniq_natasha
D:3:      layout_loops_ring, nicolae_overflow_crystal_walls,
          evilmike_ruin_ashenzari, portal_sewer_entry_f, uniq_jessica,
          uniq_terence, uniq_grinder

Skill      XL: |  1  2  3  4 |
---------------+-------------+-----
Fighting       | 3 4 |  4.5
Staves         | 4 5 |  5.2
Dodging        | 4 |  4.8
Throwing       | |  2.0

Action                     |  1- 3 |  4- 6 || total
---------------------------+-------+-------++-------
  Melee: Quarterstaff      |    85 |    27 ||   112
         Headbutt          |     9 |     3 ||    12
    Use: Scroll            |       |     1 ||     1
 Armour: Leather armour    |    38 |    20 ||    58
  Dodge: Dodged            |    67 |    15 ||    82

Table legend: (Time is in decaauts)
 A = Elapsed time spent in this place.
 B = Non-inter-level travel time spent in this place.
 C = Inter-level travel time spent in this place.
 D = Time resting spent in this place.
 E = Time spent auto-exploring this place.
 F = Levels seen in this place.
 G = Mean time per level.
                   A        B        C        D        E       F      G
               +--------+--------+--------+--------+--------+-----+--------+
         Total |   2145 |   2020 |    125 |    322 |   1249 |   4 |  536.2 |
       Dungeon |   1899 |   1774 |    125 |    322 |   1037 |   3 |  633.0 |
         Sewer |    245 |    245 |      0 |      0 |    212 |   1 |  245.0 |
               +--------+--------+--------+--------+--------+-----+--------+

Top non-repeatable levels by time:
     D:1: 1396 daAuts
     D:3: 351 daAuts
   Sewer: 245 daAuts
     D:2: 151 daAuts
